 Dungeon Crawl Stone Soup version 0.20-a0-1089-g3fde505 (webtiles) character file.

4170 Mesmaeker13 the Nimble (level 10, -11/56 HPs)
             Began as a Deep Elf Wizard on May 3, 2017.
             Was a Follower of Sif Muna.
             Killed from afar by an acid dragon (13 damage)
             ... with a splash of acid
             ... on level 8 of the Dungeon.
             The game lasted 00:51:07 (14074 turns).

Mesmaeker13 the Nimble (Deep Elf Wizard)           Turns: 14074, Time: 00:51:08

Health: -11/56     AC:  2    Str: 11    XL:     10   Next: 7%
Magic:  18/20      EV: 17    Int: 25    God:    Sif Muna [*.....]
Gold:   283        SH:  8    Dex: 13    Spells: 7/20 levels left

rFire    + . .     SeeInvis .   u - +4 quarterstaff (chaos)
rCold    . . .     Gourm    .   (shield currently unavailable)
rNeg     . . .     Faith    .   a - +0 robe
rPois    .         Spirit   .   y - +2 hat
rElec    .         Reflect  +   i - +0 cloak
rCorr    .         Harm     .   J - +0 pair of gloves
MR       +....                  (no boots)
Stlth    +++.......             N - brooch of Shielding {Reflect SH+8}
Regen    0.2/turn               D - ring of protection from fire
MPRegen  0.2/turn               G - ring of stealth

@: mighty, corroded, slowed, very slow
A: no striking features
a: Divine Energy, Renounce Religion


You were on level 8 of the Dungeon.
You worshipped Sif Muna.
Sif Muna was aware of your devotion.
You were not hungry.

You visited 2 branches of the dungeon, and saw 10 of its levels.

You collected 416 gold pieces.
You spent 133 gold pieces at shops.

Inventory:

Hand Weapons
 u - a +4 quarterstaff of chaos (weapon)
 O - a +0 dagger of venom
Missiles
 h - 2 needles of frenzy
 k - 2 javelins of penetration (quivered)
 s - 17 poisoned needles
Armour
 a - a +0 robe (worn)
 b - a +3 shield
 i - a +0 cloak (worn)
 y - a +2 hat (worn)
 J - a +0 pair of gloves (worn)
Jewellery
 D - a ring of protection from fire (left hand)
 G - a ring of stealth (right hand)
 N - the brooch of Shielding (around neck) {Reflect SH+8}
   (You took it off a centaur on level 7 of the Dungeon)

   [amulet of reflection]

   It shields you and reflects attacks.
   It affects your SH (+8).
Wands
 H - a wand of confusion (1/48)
Scrolls
 d - a scroll of magic mapping {unknown}
 j - a scroll of noise
 l - 3 scrolls of amnesia
 m - 3 scrolls of enchant weapon
 n - a scroll of recharging
 o - 2 scrolls of immolation
 p - 5 scrolls of remove curse
 I - a scroll of random uselessness {unknown}
 Q - a scroll of blinking {unknown}
Potions
 e - 2 potions of agility
 q - 2 potions of degeneration
 v - a potion of haste
 x - a potion of resistance
 C - a potion of berserk rage
 P - a potion of brilliance {unknown}
 R - a potion of flight
Books
 c - a book of Minor Magic

   Spells                             Type                      Level
   a - Magic Dart                     Conjuration                  1
   b - Blink                          Translocation                2
   c - Call Imp                       Summoning                    2
   d - Slow                           Hexes                        2
   e - Conjure Flame                  Conjuration/Fire             3
   f - Mephitic Cloud                 Conjuration/Poison/Air       3
 E - a book of Cantrips

   Spells                             Type                      Level
   a - Confusing Touch                Hexes                        1
   b - Animate Skeleton               Necromancy                   1
   c - Summon Small Mammal            Summoning                    1
   d - Apportation                    Translocation                1
 L - a book of Frost

   Spells                             Type                      Level
   a - Freeze                         Ice                          1
   b - Throw Frost                    Conjuration/Ice              2
   c - Ozocubu's Armour               Charms/Ice                   3
   d - Throw Icicle                   Conjuration/Ice              4
   e - Summon Ice Beast               Ice/Summoning                4
Comestibles
 f - 2 bread rations
 t - 5 royal jellies
 w - 4 fruits
 A - 2 chunks of flesh
 F - 4 meat rations


   Skills:
 + Level 3.8 Fighting
 + Level 9.2 Dodging
 - Level 2.4 Stealth
 - Level 5.6 Spellcasting
 + Level 8.2 Conjurations
 - Level 4.4 Summonings
   Level 1.1 Translocations
 + Level 3.9 Ice Magic
 - Level 4.0 Air Magic
 - Level 5.0 Poison Magic


You had 7 spell levels left.
You knew the following spells:

 Your Spells              Type           Power        Failure   Level  Hunger
a - Magic Dart            Conj           ####         1%          1    None
b - Mephitic Cloud        Conj/Pois/Air  #####...     2%          3    #......
c - Call Imp              Summ           ####....     1%          2    None
d - Throw Icicle          Conj/Ice       #####...     6%          4    ###....
e - Ozocubu's Armour      Chrm/Ice       ###.....     11%         3    #......


Dungeon Overview and Level Annotations

Branches:
Dungeon (9/15)             Temple (1/1) D:7
   Lair: D:8-11         Orc: D:9-12

Altars:
Cheibriados
Dithmenos
Elyvilon
Fedhas
Gozag
Kikubaaqudgha
Makhleb
Nemelex Xobeh
Okawaru
Qazlal
Ru
Sif Muna
Trog
Uskayaw
Vehumet
Wu Jian
Xom
Yredelemnul
Zin
The Shining One

Shops:
D:4 *   D:7 [


Message History

The megabat hits you but does no damage.
The fire bat closely misses your crimson imp.
The fire bat misses your crimson imp. The acid dragon spits acid at you.
The splash of acid hits you! The acid corrodes you!
You are splashed with acid!
The acid burns!
* * * LOW HITPOINT WARNING * * *
Your crimson imp barely misses the fire bat.
Your crimson imp hits the fire bat.
The fire bat dies!
Sif Muna accepts your kill. You block the acid dragon's attack.
The acid dragon claws you.
* * * LOW HITPOINT WARNING * * *
Your crimson imp blinks!
There is a stone staircase leading up here.
Okay, then.
You block the megabat's attack. The acid dragon spits acid at you.
The splash of acid hits you!
You die...

#.......##......##...##....#####
#....................##....##...
#.........§................#....
#.........5.....##...##..>.#....
##......##......##+####...÷÷....
###'######......#.†..##....##...
#.......'....b†.#....##....##.5.
#.......##......##...#....W##...
#.......##....D@##...#.....#...b
##########...........'.....#....
##......##.....b.....########.##
#.......#.......##...# ###
#.......#.......##...##
#.......#........#....#
#.......#........#....#
###.##.[.##......##...##
..####...##......##.###


You could see an acid dragon, 2 megabats and a friendly crimson imp.

Vanquished Creatures
  A hippogriff (D:7)
  3 wraiths (D:8)
  4 fire bats (D:8)
  Menkaure (D:4)
  A black bear (D:8)
  2 ice beasts
  2 orc warriors
  2 sky beasts
  A centaur (D:7)
  3 ogres
  A big kobold (D:8)
  3 bullfrogs
  A centaur zombie (D:5)
  4 crimson imps
  3 orc priests
  6 hounds
  A jelly (D:7)
  A bullfrog skeleton (D:7)
  Jessica (D:3)
  7 orc wizards
  7 worker ants
  A hound zombie (D:6)
  6 adders
  A shadow imp (D:6)
  An adder skeleton (D:5)
  6 worms
  3 dart slugs
  8 leopard geckos
  35 orcs
  9 giant cockroaches
  15 goblins
  9 hobgoblins
  7 jackals
  5 quokkas
  4 ball pythons
  44 bats
  4 frilled lizards
  A jackal zombie (D:8)
  10 kobolds
  A leopard gecko skeleton (D:6)
  A quokka skeleton (D:4)
  7 rats
233 creatures vanquished.

Vanquished Creatures (collateral kills)
  A hornet (D:5)
  A fire bat (D:8)
  2 ogres
  A phantom (D:7)
  2 centaurs
  A scorpion (D:7)
  A hound (D:6)
  A jelly (D:6)
  An orc priest (D:5)
  A centaur skeleton (D:5)
  Crazy Yiuf (D:6)
  An iguana (D:7)
  2 worms (D:5)
  A leopard gecko (D:5)
  6 orcs
  A giant cockroach (D:6)
  A jackal (D:3)
  3 bats (D:8)
28 creatures vanquished.

Grand Total: 261 creatures vanquished

Notes
Turn   | Place    | Note
-------+----------+-------------------------------------------
     0 | D:1      | Mesmaeker13 the Deep Elf Wizard began the quest for the Orb.
     0 | D:1      | Reached XP level 1. HP: 10/10 MP: 7/7
   245 | D:1      | Reached XP level 2. HP: 9/15 MP: 0/9
   536 | D:1      | Reached skill level 3 in Dodging
  1077 | D:1      | Reached XP level 3. HP: 19/19 MP: 1/10
  1353 | D:2      | Found an opulent altar of Gozag.
  1468 | D:2      | Learned a level 3 spell: Mephitic Cloud
  1784 | D:2      | Reached XP level 4. HP: 9/24 MP: 0/12
  1874 | D:2      | Learned a level 2 spell: Call Imp
  2208 | D:3      | Reached skill level 1 in Air Magic
  2453 | D:3      | Reached skill level 4 in Dodging
  3073 | D:3      | Reached skill level 1 in Poison Magic
  3160 | D:3      | Noticed a centaur
  3209 | D:3      | Reached XP level 5. HP: 28/28 MP: 6/13
  3346 | D:3      | Noticed Jessica
  3359 | D:3      | Killed Jessica
  3874 | D:3      | Found a bloodstained altar of Trog.
  3874 | D:3      | Found a stormy altar of Qazlal.
  4514 | D:3      | Killed a centaur
  4514 | D:3      | Reached skill level 5 in Dodging
  4514 | D:3      | Reached XP level 6. HP: 30/32 MP: 6/14
  4872 | D:4      | Noticed Menkaure
  4894 | D:4      | Killed Menkaure
  5684 | D:4      | Found Qyekk's Assorted Antiques.
  5691 | D:4      | Bought a runed hat for 133 gold pieces
  5912 | D:4      | Reached XP level 7. HP: 36/36 MP: 7/15
  6095 | D:5      | Entered Level 5 of the Dungeon
  6567 | D:5      | Reached skill level 6 in Dodging
  6567 | D:5      | Reached skill level 5 in Conjurations
  6788 | D:5      | Noticed a hornet
  6802 | D:5      | Killed a hornet
  6902 | D:5      | Reached XP level 8. HP: 37/41 MP: 8/16
  7038 | D:5      | Found an iron altar of Okawaru.
  7488 | D:6      | Found a snail-covered altar of Cheibriados.
  8239 | D:5      | HP: 1/41 [orc priest/nerve-wracking pain (13)]
  9080 | D:6      | Reached skill level 7 in Dodging
  9080 | D:6      | Reached skill level 5 in Poison Magic
  9328 | D:6      | Found a runed door.
  9332 | D:6      | Noticed Crazy Yiuf
  9346 | D:6      | Killed Crazy Yiuf
  9664 | D:6      | Reached skill level 1 in Fighting
 10068 | D:7      | Found a staircase to the Ecumenical Temple.
 10143 | Temple   | Entered the Ecumenical Temple
 10324 | Temple   | Became a worshipper of Sif Muna the Loreminder
 10453 | D:7      | Found a shimmering altar of Xom.
 10639 | D:7      | Reached XP level 9. HP: 32/48 MP: 16/18
 10659 | D:7      | Reached skill level 5 in Spellcasting
 10834 | D:7      | Found Weheuppyrgh's Armour Shoppe.
 11232 | D:7      | Found a sparkling altar of Nemelex Xobeh.
 11815 | D:7      | Reached skill level 8 in Dodging
 11834 | D:7      | Learned a level 4 spell: Throw Icicle
 12123 | D:8      | Reached skill level 1 in Ice Magic
 12356 | D:8      | Reached * piety under Sif Muna
 13261 | D:9      | Noticed a two-headed ogre
 13799 | D:8      | Learned a level 3 spell: Ozocubu's Armour
 13809 | D:8      | Reached skill level 9 in Dodging
 14034 | D:8      | Reached XP level 10. HP: 30/56 MP: 1/20
 14073 | D:8      | HP: 1/56 [acid dragon (3)]
 14074 | D:8      | Killed from afar by an acid dragon

Vault maps used:
D:1:      dpeg_arrival_rhombus
D:2:      grunt_gozag_breadcrumbs
D:3:      gammafunk_temple_overflow_wave, uniq_jessica
D:4:      serial_shops, nicolae_shop_waterfront, first_bread, minmay_unequal,
          uniq_menkaure
D:5:      kennysheep_okawaru_gauntlet
D:6:      slow_altar_1, uniq_crazy_yiuf_cottage
D:7:      lemuel_round_altar, kennysheep_little_box,
          minmay_temple_entry_junction, serial_shops, shop, supply_closet_lemuel
D:8:      due_megacathedral
D:9:      gammafunk_temple_overflow_pools, erik_lair_island
Temple:   eino_temple_water

Skill      XL: |  1  2  3  4  5  6  7  8  9 |
---------------+----------------------------+-----
Dodging        | 3 4 5 6 7 9 |  9.2
Conjurations   | 2 3 4 5 6 8 |  8.2
Air Magic      | 1 2 3 4 |  4.0
Poison Magic   | 1 2 3 4 5 |  5.0
Summonings     | 3 4 |  4.4
Fighting       | 1 3 |  3.8
Spellcasting   | 5 |  5.6
Ice Magic      | 3 |  3.9
Stealth        | |  2.4
Translocations | |  1.1

Action                   |  1- 3 |  4- 6 |  7- 9 | 10-12 || total
-------------------------+-------+-------+-------+-------++-------
Melee: Club              |     2 |       |       |       ||     2
       Dagger            |    15 |    80 |    32 |       ||   127
       Quarterstaff      |       |       |   200 |    15 ||   215
Throw: Javelin           |     1 |       |       |       ||     1
 Cast: Magic Dart        |   111 |   185 |   274 |     1 ||   571
       Mephitic Cloud    |       |     6 |    42 |       ||    48
       Call Imp          |       |     9 |    47 |       ||    56
       Throw Icicle      |       |       |     7 |     2 ||     9
       Ozocubu's Armour  |       |       |     2 |       ||     2
Invok: Divine Energy     |       |       |       |     1 ||     1
       Stop Divine Energ |       |       |       |     1 ||     1
Evoke: Wand              |       |       |    16 |       ||    16
  Use: Potion            |     9 |     2 |     6 |     2 ||    19
       Scroll            |     3 |     1 |     5 |     2 ||    11
 Stab: Confused          |       |     3 |     5 |       ||     8
       Sleeping          |       |     2 |     3 |       ||     5
       Petrified         |       |       |     4 |       ||     4
       Distracted        |       |       |     3 |       ||     3
       Paralysed         |       |       |     2 |       ||     2
  Eat: Chunk             |     2 |     9 |    14 |       ||    25
       Bread ration      |       |     1 |     3 |       ||     4
       Fruit             |       |       |     2 |       ||     2
Armor: Robe              |     9 |    18 |    79 |     1 ||   107
       Skin              |    23 |     5 |    16 |    23 ||    67
Dodge: Dodged            |    45 |    93 |   260 |     5 ||   403
Block: Other             |       |       |   112 |    12 ||   124
       Reflection        |       |       |     2 |       ||     2
